 Dungeon Crawl Stone Soup version 0.19-a0-1079-g88a7474 (webtiles) character file.

3031 mistymad the Cleaver (level 9, 0/72 HPs)
             Began as a Hill Orc Fighter on Aug 6, 2016.
             Was a Believer of Beogh.
             Killed by vampiric draining
             ... invoked by a vampire
              (9 damage)
             ... on level 7 of the Dungeon.
             The game lasted 00:16:34 (7773 turns).

mistymad the Cleaver (Hill Orc Fighter)             Turns: 7773, Time: 00:16:35

Health: 0/72       AC: 11    Str: 25    XL:     9   Next: 86%
Magic:  9/9        EV: 11    Int:  8    God:    Beogh [**....]
Gold:   155        SH: 11    Dex: 10    Spells: 0 memorised, 8 levels left

rFire  . . .     SeeInvis .     G - +2 whip (elec)
rCold  + . .     Gourm    .     n - +3 ring mail
rNeg   . . .     Faith    .     c - +0 shield
rPois  +         Spirit   .     z - +0 helmet
rElec  .         Dismiss  .     (no cloak)
rCorr  .         Reflect  .     (no gloves)
SustAt .         Harm     .     (no boots)
MR     .....                    (no amulet)
Stlth  ..........               (no ring)
                                (no ring)

@: mighty
A: cold resistance 1, frail 1, poison resistance, weak 1, subdued magic 2
a: Smiting, Renounce Religion


You were on level 7 of the Dungeon.
You worshipped Beogh.
Beogh was pleased with you.
You were not hungry.

You visited 1 branch of the dungeon, and saw 7 of its levels.

You collected 362 gold pieces.
You spent 207 gold pieces at shops.

Inventory:

Hand Weapons
 a - a +0 war axe
 q - a +0 falchion of venom
 B - a +0 hand axe of chopping
 G - a +2 whip of electrocution (weapon)
Armour
 c - a +0 shield (worn)
 n - a +3 ring mail (worn)
 z - a +0 helmet (worn)
Jewellery
 t - an uncursed ring of wizardry {unknown}
 D - an uncursed ring of protection from magic {unknown}
Wands
 A - a wand of flame (27/48)
Scrolls
 h - 2 scrolls of recharging {unknown}
 i - 2 scrolls of fear {unknown}
 j - 2 scrolls of enchant armour {unknown}
 k - 9 scrolls of identify {unknown}
 p - a scroll of random uselessness {unknown}
 r - 2 scrolls of amnesia {unknown}
 s - 2 scrolls of fog {unknown}
 u - 2 scrolls of remove curse
 v - a scroll of immolation {unknown}
 y - 2 scrolls of blinking {unknown}
 C - a scroll of magic mapping {unknown}
Potions
 d - 2 potions of might
 l - 3 potions of haste {unknown}
 m - 3 potions of agility {unknown}
 o - 2 potions of brilliance {unknown}
 w - a potion of lignification {unknown}
 x - a potion of heal wounds
 I - a potion of beneficial mutation {unknown}
Comestibles
 b - 6 fruits
 f - 5 bread rations
 g - 4 meat rations
 E - 2 slices of pizza
 F - 2 royal jellies


   Skills:
 + Level 7.9 Fighting
 + Level 8.4 Axes
 + Level 7.2 Armour
 + Level 5.0 Dodging
 + Level 7.2 Shields


You had 8 spell levels left.
You didn't know any spells.

Dungeon Overview and Level Annotations

Branches:
Dungeon (7/15)             Temple (0/1) D:4

Altars:

Shops:
D:4 (%**:   D:5 !


Innate Abilities, Weirdness & Mutations

Your flesh is cold resistant. (rC+)
You are frail. (-10% HP)
Your system is resistant to poisons. (rPois)
You are weak. (Str -2)
Your spells are easier to cast, but less powerful.


Message History

The vampire draws life force from you and is healed!
You regained 8 hp, and now have 20/72 hp.
You closely miss the vampire.
The vampire is lightly damaged.
The vampire gestures wildly while chanting.
The vampire flickers and vanishes!
Deactivating autopickup; reactivate with Ctrl-A.
Your shield and ring mail prevent you from hitting something.
Something hits you but does no damage. Something bites you but does no damage.
You whack something! Something hits you but does no damage.
Something bites you.
* * * LOW HITPOINT WARNING * * *
Something draws strength from your injuries!
You take 1 damage, and have 20/72 hp.
You miss something. Something hits you!
* * * LOW HITPOINT WARNING * * *
Something bites you but does no damage.
You take 12 damage, and have 8/72 hp.
You hit something but do no damage.
Unholy energy fills the air.
You die...

.........# .........#
#........# #........#
#........# #........#
#### #.l..../.# #...
##{####### #.#. #@#
#.#. #.# #†#. #.# #.#.
#.#############.#.
####...............#.
..........############.
#########.# #.....<#.
#.# #.######. #.#
#........


You could see a giant gecko.

Vanquished Creatures
  Pikel (D:6)
  Eustachio (D:4)
  The ghost of eragonby the Shield-Bearer, an amateur GrFi (D:4)
  A water moccasin (D:5)
  A slave (D:6)
  4 phantoms
  5 ogres
  2 centaurs
  Blork the orc (D:4)
  2 giant frogs
  A scorpion (D:5)
  2 howler monkeys
  3 crimson imps (D:5)
  5 hounds
  A gnoll shaman (D:6)
  2 orc priests
  A giant frog skeleton (D:4)
  7 orc wizards
  6 worker ants
  Robin (D:4)
  7 gnolls (D:6)
  8 adders
  2 shadow imps (D:5)
  2 oozes
  5 worms
  An adder skeleton (D:5)
  A dart slug (D:5)
  3 giant geckos
  27 orcs
  3 ball pythons
  6 bats
  2 giant cockroaches
  12 goblins
  8 hobgoblins
  A quokka (D:2)
  4 giant newts
  9 kobolds
  8 rats
157 creatures vanquished.

Vanquished Creatures (others)
  2 slaves (D:6)
  2 orc priests (D:6)
  A gnoll (D:6)
  3 orcs (D:6)
8 creatures vanquished.

Grand Total: 165 creatures vanquished

Notes
Turn   | Place    | Note
-------+----------+-------------------------------------------
     0 | D:1      | mistymad the Hill Orc Fighter began the quest for the Orb.
     0 | D:1      | Reached XP level 1. HP: 19/19 MP: 1/1
    47 | D:1      | Reached skill level 3 in Axes
    47 | D:1      | Reached XP level 2. HP: 23/27 MP: 2/2
   675 | D:2      | Reached XP level 3. HP: 33/33 MP: 3/3
  1752 | D:3      | Reached skill level 1 in Dodging
  1752 | D:3      | Reached XP level 4. HP: 40/40 MP: 4/4
  1887 | D:3      | Reached skill level 4 in Axes
  2070 | D:3      | Reached XP level 5. HP: 44/47 MP: 5/5
  2895 | D:4      | Noticed Robin
  2904 | D:4      | Reached XP level 6. HP: 44/55 MP: 6/6
  2912 | D:4      | Noticed eragonby's ghost (amateur GrFi)
  2912 | D:4      | Killed Robin
  3263 | D:4      | Found a staircase to the Ecumenical Temple.
  3470 | D:4      | Noticed a phantom
  3471 | D:4      | Found Josh's Assorted Antiques.
  3523 | D:4      | Killed a phantom
  3523 | D:4      | Reached skill level 5 in Fighting
  3523 | D:4      | Reached skill level 5 in Axes
  3532 | D:4      | Bought a smoky yellow potion for 18 gold pieces
  3532 | D:4      | Bought a scroll labeled KUSTRENNIXIE for 21 gold pieces
  3532 | D:4      | Bought 2 emerald potions for 37 gold pieces
  3532 | D:4      | Bought a scroll labeled WOIGON WEOT for 21 gold pieces
  3547 | D:4      | Reached XP level 7. HP: 43/61 MP: 7/7
  3697 | D:4      | Noticed Eustachio
  3721 | D:4      | Killed Eustachio
  3721 | D:4      | Reached skill level 5 in Shields
  3755 | D:4      | Found Efamea's Book Shoppe.
  3765 | D:4      | Found Qogaschofiu's Assorted Antiques.
  3773 | D:4      | Bought 2 emerald potions for 36 gold pieces
  3773 | D:4      | Bought a scroll labeled AFUSOE YMAPH for 20 gold pieces
  4395 | D:3      | Became a worshipper of Beogh the Brigand
  4483 | D:4      | Found Ofoitoiz's Antique Weapon Emporium.
  4648 | D:4      | Found Uneov's Food Emporium.
  4679 | D:4      | Noticed Blork the orc
  4710 | D:4      | Killed Blork the orc
  4710 | D:4      | Reached skill level 5 in Armour
  4865 | D:4      | Killed eragonby's ghost
  4865 | D:4      | Reached skill level 6 in Axes
  4865 | D:4      | Reached XP level 8. HP: 43/70 MP: 8/8
  4941 | D:5      | Entered Level 5 of the Dungeon
  5132 | D:5      | murphy: oh shit u died?
  5134 | D:5      | murphy: :(
  5134 | D:5      | mistymad: y
  5134 | D:5      | murphy: in disco pan?
  5134 | D:5      | mistymad: disco pan
  5134 | D:5      | mistymad: y
  5134 | D:5      | mistymad: wrong way
  5134 | D:5      | murphy: ?
  5134 | D:5      | mistymad: one tile wall =(
  5143 | D:5      | murphy: ok i try caster again
  5143 | D:5      | mistymad: i dont know how do pan or hell without stone form or lich form
  5143 | D:5      | mistymad: new caster? who?
  5143 | D:5      | mistymad: HE? DE?
  5719 | D:5      | murphy: HE
  5780 | D:5      | murphy: HE
  5786 | D:5      | mistymad: i see)
  5885 | D:5      | Found Unatugga's Distillery.
  5888 | D:5      | Reached skill level 7 in Axes
  5900 | D:5      | murphy: was there anything u could have done to avoid death?
  5900 | D:5      | Bought a potion of mutation for 27 gold pieces
  5900 | D:5      | Bought a potion of mutation for 27 gold pieces
  5900 | D:5      | Gained mutation: Your spells are a little easier to cast, but a little less powerful. [potion of mutation]
  5900 | D:5      | Gained mutation: You are weak. (Str -2) [potion of mutation]
  5900 | D:5      | Gained mutation: Your system is resistant to poisons. (rPois) [potion of mutation]
  5901 | D:5      | Gained mutation: Your spells are easier to cast, but less powerful. [potion of mutation]
  5901 | D:5      | Gained mutation: Your flesh is cold resistant. (rC+) [potion of mutation]
  5901 | D:5      | Gained mutation: You are frail. (-10% HP) [potion of mutation]
  5902 | D:5      | mistymad: i can try drink all potons before enter disco pan
  5902 | D:5      | mistymad: or hope randpom blink
  6149 | D:6      | Reached * piety under Beogh
  6149 | D:6      | Reached XP level 9. HP: 28/70 MP: 9/9
  6604 | D:6      | Noticed Pikel
  6674 | D:6      | Killed Pikel
  7034 | D:6      | Reached skill level 8 in Axes
  7547 | D:6      | Reached skill level 5 in Dodging
  7610 | D:6      | Reached ** piety under Beogh
  7773 | D:7      | Killed from afar by a vampire

Vault maps used:
D:1:      dpeg_arrival_radiant
D:2:      first_bread
D:4:      serial_shops, kennysheep_mini, nicolae_shop_stone, shop_statue,
          nicolae_shop_overgrown_old_shop, nicolae_shop_statue_plus,
          uniq_blork_the_orc, uniq_robin, uniq_eustachio
D:5:      hangedman_decor_growths, supply_closet_lemuel,
          kennysheep_windowed_goal
D:6:      uniq_pikel
D:7:      nicolae_overflow_crystal_walls, basic_altar

Skill      XL: |  1  2  3  4  5  6  7  8  9 |
---------------+----------------------------+-----
Axes           | 3 4 5 6 7 8 |  8.4
Fighting       | 4 5 6 7 |  7.9
Dodging        | 1 2 3 4 5 |  5.0
Armour         | 4 5 6 7 |  7.2
Shields        | 4 5 6 7 |  7.2

Action                   |  1- 3 |  4- 6 |  7- 9 || total
-------------------------+-------+-------+-------++-------
Melee: War axe           |    90 |   168 |   146 ||   404
       Hand axe          |       |       |   135 ||   135
       Whip              |       |       |   166 ||   166
       Falchion          |       |       |    15 ||    15
Invok: Convert to Beogh  |       |       |     1 ||     1
  Use: Scroll            |       |       |     1 ||     1
       Potion            |       |       |     7 ||     7
  Eat: Chunk             |     3 |     5 |    12 ||    20
       Fruit             |       |       |     3 ||     3
Armor: Scale mail        |    22 |       |       ||    22
       Ring mail         |    13 |    82 |   164 ||   259
Dodge: Dodged            |    26 |    53 |   173 ||   252
Block: Shield            |    35 |    96 |   198 ||   329
